 Dungeon Sprint DCSS version 0.26-a0-651-gb41185065b (webtiles) character file.

Game seed: 3992210558455380523

617 Conn the Zephyrmancer (level 7, -7/39 HPs)
             Began as a Kobold Air Elementalist on Sept 29, 2020.
             Was a Follower of Sif Muna.
             Mangled by a sun demon (18 damage)
             ... summoned by a kobold demonologist
             ... while paralysed by a floating eye
             ... in the Dungeon (Sprint I: "Red Sonja").
             The game lasted 00:10:47 (908 turns).

Conn the Zephyrmancer (Kobold Air Elementalist)      Turns: 908, Time: 00:10:47

Health: -7/39      AC:  2    Str:  5    XL:     7   Next: 74%
Magic:  12/19      EV:  3    Int: 18    God:    Sif Muna [*.....]
Gold:   160        SH:  0    Dex: 16    Spells: 9/24 levels left

rFire    . . .     SeeInvis .   a - +0 dagger
rCold    . . .     Faith    .   (shield restricted)
rNeg     . . .     Spirit   .   e - +0 robe
rPois    .         Reflect  .   (no helmet)
rElec    .         Harm     .   (no cloak)
rCorr    .         Rampage  .   (no gloves)
MR       .....     NoTele   +   (no boots)
Stlth    ++++......             (no amulet)
HPRegen  0.13/turn              (no ring)
MPRegen  0.16/turn              (no ring)

@: paralysed
A: small, nightstalker 3
a: Channel Magic, Renounce Religion


You were in the Dungeon.
You worshipped Sif Muna.
Sif Muna was aware of your devotion.
You visited 1 branch You collected 416 gold pieces.
You spent 256 gold pieces at shops.

Inventory:

Hand Weapons
 a - a +0 dagger (weapon)
 b - the +4 arbalest "Qagamunk" {penet, *Corrode rElec Int-4 Dex+8}
   (You bought it in a shop in the Dungeon)

   Ammo fired by it will pass through the targets it hits, potentially hitting
   all targets in its path until it reaches maximum range.
   It affects your intelligence (-4).
   It affects your dexterity (+8).
   It insulates you from electricity.
   It may corrode you when you take damage.
Armour
 e - a +0 robe (worn)
Scrolls
 c - a scroll of identify {unknown}
Potions
 d - a potion of heal wounds


   Skills:
 + Level 1.9 Fighting
 + Level 3.0 Short Blades
 + Level 5.6 Dodging
 + Level 6.3 Stealth
 * Level 9.2 Spellcasting
 * Level 6.0 Conjurations
 + Level 9.7 Air Magic


You had 9 spell levels left.
You knew the following spells:

 Your Spells              Type           Power        Failure   Level
a - Shock                 Conj/Air       ####         1%          1
b - Swiftness             Air            #####...     1%          2
c - Static Discharge      Conj/Air       #####...     1%          3
d - Airstrike             Air            #####.....   1%          4
e - Lightning Bolt        Conj/Air       #####.....   10%         5

Your spell library contained the following spells:

 Spells                   Type           Power        Failure   Level


Dungeon Overview and Level Annotations

Branches:
Dungeon (1/1)

Altars:
Cheibriados
Dithmenos
Elyvilon
Fedhas
Gozag
Hepliaklqana
Kikubaaqudgha
Makhleb
Nemelex Xobeh
Okawaru
Qazlal
Ru
Sif Muna
Trog
Uskayaw
Vehumet
Wu Jian
Xom
Yredelemnul
Zin
The Shining One
Jiyva
Lugonu

Shops:
D (


Innate Abilities, Weirdness & Mutations

You are small and have problems with some larger weapons.
You are completely attuned to the shadows.


Message History

There is a viscous altar of Jiyva here.
Casting: Airstrike (dangerous; 1% risk of failure)
Confirm with . or Enter, or press ? or * to list all spells.
The spell is quite dangerous to cast (10% risk of failure)!
Continue anyway?
Okay, then.
Casting: Lightning Bolt (quite dangerous; 10% risk of failure)
Confirm with . or Enter, or press ? or * to list all spells.
Aiming: Airstrike (dangerous; 1% risk of failure)
Press: ? - help, Dir - move target cursor, f - sun demon
Aim: a sun demon (moderately wounded, summoned)
The air twists around and violently strikes the sun demon!
The sun demon is heavily wounded.
The floating eye gazes piercingly through you!
You suddenly lose the ability to move!
The kobold demonologist gestures wildly while chanting.
The sun demon hits you!!
You are engulfed in flames!
* * * LOW HITPOINT WARNING * * *
The floating eye pulsates ominously.
The sun demon hits you!!
You die...

##########################
#<.#..'..#.)'..#@3#..'GK.#
#..'..#..'..#..'^G'K.#...#
#.)#####'#####'#__####...+
#..####..#...#(#### #####
#..#__####..##.#
#..#_____##'#_.+
#⌠⌠#_.∩...÷..._#
####_..__##_.#'#
#_____###+#.#


You could see a sun demon (summoned), a kobold demonologist and a floating eye.

Vanquished Creatures
  A slime creature (D)
  Sigmund (D)
  A yak (D)
  An ogre (D)
  A jelly (D)
  Ijyb (D)
6 creatures vanquished.

Vanquished Creatures (others)
  A gargoyle (D)
1 creature vanquished.

Grand Total: 7 creatures vanquished

Notes
Turn   | Place    | Note
-------+----------+-------------------------------------------
     0 | D        | Conn the Kobold Air Elementalist began the quest for the
                  | Orb.
     0 | D        | Reached XP level 1. HP: 10/10 MP: 3/3
     7 | D        | Noticed Ijyb
    21 | D        | Killed Ijyb
    21 | D        | Reached skill level 5 in Air Magic
    21 | D        | Reached XP level 2. HP: 5/16 MP: 0/6
    21 | D        | Reached XP level 3. HP: 7/20 MP: 0/7
   240 | D        | Learned a level 2 spell: Swiftness
   244 | D        | Learned a level 3 spell: Static Discharge
   245 | D        | Noticed an ogre
   261 | D        | Killed an ogre
   261 | D        | Reached skill level 1 in Short Blades
   261 | D        | Reached skill level 5 in Spellcasting
   261 | D        | Reached XP level 4. HP: 24/24 MP: 1/11
   261 | D        | Reached XP level 5. HP: 28/28 MP: 1/12
   335 | D        | Killed a gargoyle
   352 | D        | Learned a level 4 spell: Airstrike
   355 | D        | Noticed Sigmund
   364 | D        | Killed Sigmund
   364 | D        | Reached skill level 1 in Fighting
   364 | D        | Reached skill level 5 in Dodging
   364 | D        | Reached skill level 5 in Stealth
   364 | D        | Reached XP level 6. HP: 26/34 MP: 2/16
   468 | D        | Found an ornate altar of the Wu Jian Council.
   469 | D        | Found a shimmering blue altar of Sif Muna.
   470 | D        | Found a radiant altar of Vehumet.
   474 | D        | Became a worshipper of Sif Muna the Loreminder
   602 | D        | Learned a level 5 spell: Lightning Bolt
   604 | D        | Found a hazy altar of Hepliaklqana.
   604 | D        | Found a stormy altar of Qazlal.
   604 | D        | Found a hide-covered altar of Uskayaw.
   604 | D        | Found a blossoming altar of Fedhas.
   604 | D        | Noticed a yak
   605 | D        | Found Qinotum's Antique Weapon Emporium.
   605 | D        | Found a bloodstained altar of Trog.
   605 | D        | Found an opulent altar of Gozag.
   605 | D        | Found a snail-covered altar of Cheibriados.
   609 | D        | Killed a yak
   609 | D        | Reached skill level 5 in Conjurations
   609 | D        | Reached XP level 7. HP: 38/38 MP: 12/18
   613 | D        | Found an iron altar of Okawaru.
   613 | D        | Found a sparkling altar of Nemelex Xobeh.
   613 | D        | Found a sacrificial altar of Ru.
   613 | D        | Found a glowing silver altar of Zin.
   614 | D        | Found an ancient bone altar of Kikubaaqudgha.
   614 | D        | Found a basalt altar of Yredelemnul.
   614 | D        | Found a glowing golden altar of the Shining One.
   614 | D        | Found a shadowy altar of Dithmenos.
   614 | D        | Found a white marble altar of Elyvilon.
   617 | D        | Bought an iridescent arbalest for 256 gold pieces
   617 | D        | Identified the +4 arbalest "Qagamunk" {penet, *Corrode
                  | rElec Int-4 Dex+8} (You bought it in a shop in the Dungeon)
   656 | D        | Found a burning altar of Makhleb.
   656 | D        | Found a viscous altar of Jiyva.
   656 | D        | Found a shimmering altar of Xom.
   656 | D        | Found a corrupted altar of Lugonu.
   656 | D        | Noticed a slime creature
   665 | D        | Killed a slime creature
   665 | D        | Reached * piety under Sif Muna
   897 | D        | Noticed a kobold demonologist
   898 | D        | Noticed a kobold demonologist
   901 | D        | Noticed a sun demon
   906 | D        | Paralysed by a floating eye for 4 turns
   908 | D        | Mangled by a sun demon

Illustrated notes

Levels and vault maps discovered:
D:        dungeon_sprint_1 [red_sonja_temple_1, red_sonja_temple_small_1]

Skill      XL: |  1  2  3  4  5  6  7 |
---------------+----------------------+-----
Dodging        | 3 4 5 |  5.6
Stealth        | 3 4 5 6 |  6.3
Spellcasting   | 3 5 7 8 9 |  9.2
Air Magic      | 5 6 8 9 |  9.7
Short Blades   | 1 2 3 |  3.0
Conjurations   | 3 4 5 6 |  6.0
Fighting       | 1 |  1.9

Action                   |  1- 3 |  4- 6 |  7- 9 || total
-------------------------+-------+-------+-------++-------
Melee: Dagger            |     4 |     2 |       ||     6
 Cast: Shock             |    13 |     4 |     9 ||    26
       Swiftness         |     1 |     2 |     1 ||     4
       Static Discharge  |       |     3 |       ||     3
       Airstrike         |       |     1 |     2 ||     3
  Use: Potion            |     4 |     1 |       ||     5
       Scroll            |       |       |     1 ||     1
 Stab: Sleeping          |       |     2 |       ||     2
Armor: Robe              |     2 |       |     1 ||     3
Dodge: Dodged            |     4 |     3 |     5 ||    12

Table legend: (Time is in decaauts)
 A = Elapsed time spent in this place.
 B = Non-inter-level travel time spent in this place.
 C = Inter-level travel time spent in this place.
 D = Time resting spent in this place.
 E = Time spent auto-exploring this place.
 F = Levels seen in this place.
 G = Mean time per level.
                   A        B        C        D        E       F      G
               +--------+--------+--------+--------+--------+-----+--------+
         Total |    894 |    894 |      0 |    641 |      0 |   1 |  894.0 |
       Dungeon |    894 |    894 |      0 |    641 |      0 |   1 |  894.0 |
               +--------+--------+--------+--------+--------+-----+--------+

Top non-repeatable levels by time:
       D: 894 daAuts
